 Dungeon Crawl Stone Soup version 0.23.0 (webtiles) character file.

Game seed: 2716319286242252842

32532 Borgoz the Fighter (level 13, -17/118 HPs)
             Began as a Ghoul Monk on Feb 17, 2019.
             Was the Champion of Dithmenos.
             Demolished by a tyrant leech (22 damage)
             ... on level 3 of the Lair of Beasts.
             The game lasted 00:38:48 (19580 turns).

Borgoz the Fighter (Ghoul Monk)                    Turns: 19580, Time: 00:38:49

Health: -17/118    AC: 10    Str: 16    XL:     13   Next: 65%
Magic:  17/17      EV: 16    Int:  7    God:    Dithmenos [******]
Gold:   618        SH:  0    Dex: 13    Spells: 17/19 levels left

rFire    + . .     SeeInvis +     - Unarmed
rCold    + . .     Gourm    .   (no shield)
rNeg     + + +     Faith    .   x - +0 ring mail of the Lute {MR- Regen+ rCorr SInv} (curse)
rPois    ∞         Spirit   .   g - +0 helmet
rElec    .         Reflect  .   s - scarf {repulsion}
rCorr    +         Harm     .   (no gloves)
MR       .....                  z - +0 pair of boots
Stlth    +++.......             (no amulet)
HPRegen  0.00/turn              a - ring of protection from magic
MPRegen  0.15/turn              o - ring of protection from fire

@: rotting, wreathed by umbra, repel missiles
A: rotting body, claws 1, carnivore, cold resistance 1, negative energy
resistance 3, inhibited regeneration, torment resistance, unbreathing
a: Shadow Step, Shadow Form, Renounce Religion


You were on level 3 of the Lair of Beasts.
You worshipped Dithmenos.
Dithmenos was exalted by your worship.
You were not hungry.

You visited 3 branches of the dungeon, and saw 16 of its levels.
You also visited: Bailey.

You collected 818 gold pieces.
You spent 200 gold pieces at shops.

Inventory:

Hand Weapons
 b - a +0 blowgun
Missiles
 i - 64 poisoned needles
 H - 2 throwing nets (quivered)
Armour
 g - a +0 helmet (worn)
 s - a scarf of repulsion (worn)
 x - the cursed +0 ring mail of the Lute (worn) {MR- Regen+ rCorr SInv}
   (You found it on level 3 of the Lair of Beasts)

   It affects your resistance to hostile enchantments.
   It lets you see invisible.
   It increases your rate of regeneration.
   It provides partial protection from all sources of acid and corrosion.
   It has a curse placed upon it.
 z - a +0 pair of boots (worn)
Jewellery
 a - a ring of protection from magic (left claw)
 e - an uncursed ring of ice
 f - an uncursed ring of protection from cold
 m - an uncursed ring of resist corrosion
 o - a ring of protection from fire (right claw)
 F - an uncursed ring of fire
Wands
 u - a wand of clouds (6)
 w - a wand of paralysis (9)
 I - a wand of iceblast (8)
 S - a wand of disintegration (17)
Scrolls
 j - 9 scrolls of teleportation
 l - 5 scrolls of blinking
 n - a scroll of torment {unknown}
 p - a scroll of amnesia
 t - 4 scrolls of identify
 v - 4 scrolls of remove curse
 D - 3 scrolls of enchant armour
 M - a scroll of brand weapon {unknown}
 P - a scroll of vulnerability {unknown}
Potions
 c - 7 potions of flight
 d - 2 potions of invisibility {unknown}
 h - a potion of haste
 k - 5 potions of brilliance
 A - 2 potions of cancellation
 Q - a potion of degeneration {unknown}
 R - a potion of agility
Comestibles
 q - 6 chunks of flesh
 O - 31 rations


   Skills:
 + Level 12.3 Fighting
 + Level 10.1 Armour
 + Level 10.6 Dodging
 + Level 3.4 Stealth
 + Level 12.2 Unarmed Combat
 + Level 3.6 Spellcasting
 + Level 4.0 Translocations


You had 17 spell levels left.
You knew the following spells:

 Your Spells              Type           Power        Failure   Level  Hunger
a - Blink                 Tloc           N/A          16%         2    ###....

Your spell library contained the following spells:

 Spells                   Type           Power        Failure   Level  Hunger
 Magic Dart               Conj           #...         47%         1    ##.....
 Call Imp                 Summ           #.......     63%         2    ###....
 Slow                     Hex            #.......     63%         2    ###....
 Sticks to Snakes         Tmut           #.......     63%         2    ###....
 Conjure Flame            Conj/Fire      #.......     85%         3    ####...
 Mephitic Cloud           Conj/Pois/Air  #.......     85%         3    ####...
 Leda's Liquefaction      Hex/Erth       #.........   99%         4    #####..
 Bolt of Magma            Conj/Fire/Erth #.........   100%        5    ######.
 Iron Shot                Conj/Erth      #.........   100%        6    #######
 Shatter                  Erth           #.........   100%        9    #######
 Beastly Appendage        Tmut           Unusable     N/A         1    N/A
 Spider Form              Tmut/Pois      Unusable     N/A         3    N/A
 Ice Form                 Ice/Tmut       Unusable     N/A         4    N/A
 Blade Hands              Tmut           Unusable     N/A         5    N/A
 Statue Form              Tmut/Erth      Unusable     N/A         6    N/A

Dungeon Overview and Level Annotations

Branches:
Dungeon (12/15)            Temple (1/1) D:5            Lair (3/6) D:11
    Orc (0/2) D:12
  Swamp: Lair:2-4    Shoals: Lair:2-4     Snake: Lair:2-4    Spider: Lair:2-4

Altars:
Ashenzari
Cheibriados
Dithmenos
Elyvilon
Fedhas
Gozag
Hepliaklqana
Kikubaaqudgha
Makhleb
Nemelex Xobeh
Okawaru
Qazlal
Ru
Sif Muna
Trog
Uskayaw
Vehumet
Wu Jian
Xom
Yredelemnul
Zin
The Shining One

Shops:
D:6 [   D:10 [   D:11 }


Innate Abilities, Weirdness & Mutations

Your body is rotting away.
You thrive on raw meat.
You are immune to poison.
You have sharp fingernails.
You are carnivorous and can eat meat at any time.
Your flesh is cold resistant. (rC+)
You are immune to negative energy. (rN+++)
You do not regenerate when monsters are visible.
You are immune to unholy pain and torment.
You can survive without breathing.


Message History

* * * LOW HITPOINT WARNING * * *
Unknown command.
You miss the tyrant leech.
The tyrant leech is severely wounded.
The tyrant leech closely misses you. The tyrant leech bites you.
* * * LOW HITPOINT WARNING * * *
You scratch the tyrant leech but do no damage.
You claw the tyrant leech.
The tyrant leech is severely wounded.
Your shadow hits the tyrant leech. The tyrant leech closely misses you.
Unknown command.
You claw the tyrant leech!
The tyrant leech is almost dead.
The tyrant leech bites you but does no damage.
You closely miss the tyrant leech.
The tyrant leech is almost dead.
The tyrant leech bites you.
* * * LOW HITPOINT WARNING * * *
The tyrant leech bites you!!
You die...

....................
.......<............
##..##.....>.......#
### ##..####..#...#
#...###.##....
##..#..#......#
########P............#
#..§§§§§..............
#..§w@§§...#....##....
#...§w§§§..########....
#♣..§§..§..# #....
♣.♣♣§§§§..# ## #.... ♣§
♣♣.....#.##.###...# ♣§
♣...............## ♣
♣#.##........)..#
#.##..P.#...P..## ##
#... ###.#...#


You could see 2 tyrant leeches.

Vanquished Creatures
  Erolcha (D:11)
  Harold (D:8)
  4 hydras
  2 two-headed ogres (D:11)
  A death yak (D:11)
  Sonja (D:12)
  2 unseen horrors (D:12)
  2 ugly things (D:10)
  An oklob plant (Lair:1)
  A cyclops (D:11)
  Psyche (D:8)
  A black mamba (Lair:1)
  6 spiny frogs
  10 komodo dragons
  2 trolls
  A queen bee (D:10)
  3 hornets
  8 hippogriffs
  4 slime creatures (D:12)
  Sigmund (D:3)
  18 yaks
  4 wyverns
  4 basilisks
  A hungry ghost (D:10)
  Grum (D:11)
  Menkaure (D:6)
  7 water moccasins
  5 porcupines
  A black bear (D:9)
  2 sky beasts
  6 orc warriors
  An eye of draining (D:11)
  3 necrophages
  2 phantoms
  An ice beast (D:11)
  17 ogres
  6 wolves
  5 centaurs
  9 crocodiles
  6 big kobolds
  11 bullfrogs
  5 gnoll sergeants (D:12)
  2 scorpions
  39 killer bees
  7 wights
  5 howler monkeys
  4 bullfrog zombies
  8 crimson imps
  A quasit (D:4)
  11 hounds
  5 jellies
  3 bullfrog skeletons
  3 orc priests
  A gnoll shaman (D:3)
  4 iguanas
  Jessica (D:3)
  Natasha (thrice) (D:2)
  9 orc wizards
  3 hell rats (D:11)
  Terence (D:3)
  12 worker ants
  A hound zombie (D:6)
  A howler monkey zombie (D:9)
  A worker ant zombie (D:6)
  9 adders
  18 gnolls
  2 shadow imps
  An adder zombie (D:8)
  3 adder skeletons
  6 worms
  A dart slug (D:1)
  3 leopard geckos
  51 orcs
  A ball python (D:3)
  9 bats
  2 giant cockroaches
  5 goblins
  6 hobgoblins
  5 jackals
  5 quokkas
  5 frilled lizards
  A jackal skeleton (D:7)
  15 kobolds
  A leopard gecko skeleton (D:4)
  A quokka zombie (D:9)
  6 rats
  A plant (Lair:1)
451 creatures vanquished.

Vanquished Creatures (others)
  A killer bee (D:9)
  A hound (D:9)
  An orc (D:9)
  A fungus (Lair:3)
4 creatures vanquished.

Grand Total: 455 creatures vanquished

Notes
Turn   | Place    | Note
-------+----------+-------------------------------------------
     0 | D:1      | Borgoz the Ghoul Monk began the quest for the Orb.
     0 | D:1      | Reached XP level 1. HP: 19/19 MP: 0/0
   154 | D:1      | Reached XP level 2. HP: 26/26 MP: 1/1
   794 | D:2      | Noticed Natasha
   803 | D:2      | Killed Natasha
   803 | D:2      | Reached skill level 1 in Armour
   803 | D:2      | Reached XP level 3. HP: 21/33 MP: 2/2
   959 | D:2      | Reached XP level 4. HP: 39/40 MP: 3/3
  1353 | D:2      | Noticed Natasha
  1360 | D:2      | Killed Natasha
  1360 | D:2      | Reached XP level 5. HP: 24/46 MP: 4/4
  1367 | D:2      | Noticed Natasha
  1382 | D:2      | Killed Natasha
  2187 | D:3      | Noticed Terence
  2202 | D:3      | Killed Terence
  2307 | D:3      | Noticed Jessica
  2314 | D:3      | Killed Jessica
  2314 | D:3      | Reached XP level 6. HP: 48/53 MP: 5/5
  2348 | D:3      | Noticed Sigmund
  2366 | D:3      | Killed Sigmund
  2368 | D:3      | Reached skill level 5 in Fighting
  2527 | D:3      | Reached skill level 5 in Unarmed Combat
  2689 | D:3      | Found a shimmering altar of Xom.
  2767 | D:3      | Reached XP level 7. HP: 60/61 MP: 6/6
  3306 | D:4      | Reached XP level 8. HP: 28/70 MP: 7/7
  3494 | D:4      | Reached skill level 5 in Dodging
  3694 | D:5      | Entered Level 5 of the Dungeon
  3808 | D:5      | Found a staircase to the Ecumenical Temple.
  3821 | Temple   | Entered the Ecumenical Temple
  3945 | Temple   | Became a worshipper of Dithmenos the Shadowed
  3945 | Temple   | Reached * piety under Dithmenos
  3945 | Temple   | Reached ** piety under Dithmenos
  4557 | D:6      | Noticed Menkaure
  4625 | D:6      | Killed Menkaure
  4676 | D:6      | Reached XP level 9. HP: 52/78 MP: 8/8
  4837 | D:6      | Reached skill level 5 in Armour
  5109 | D:6      | Found Quirgh's Antique Armour Boutique.
  5113 | D:6      | Bought a runed scarf for 200 gold pieces
  5613 | D:7      | Reached *** piety under Dithmenos
  5654 | D:7      | Found a flagged portal.
  5695 | Bailey   | Entered a bailey
  6338 | D:7      | Reached XP level 10. HP: 85/87 MP: 9/9
  6900 | D:8      | Reached **** piety under Dithmenos
  7073 | D:8      | Noticed Psyche
  7084 | D:8      | Killed Psyche
  7315 | D:8      | Noticed Harold
  7333 | D:8      | Killed Harold
  7962 | D:9      | Reached XP level 11. HP: 51/97 MP: 10/10
  8081 | D:9      | Found a shimmering altar of Xom.
  8190 | D:9      | Reached ***** piety under Dithmenos
  8687 | D:10     | Entered Level 10 of the Dungeon
  9006 | D:10     | Found Vanaag's Antique Armour Shoppe.
  9082 | D:10     | Reached skill level 10 in Fighting
  9159 | D:10     | Reached skill level 10 in Unarmed Combat
 10474 | D:10     | Found an ornate altar of the Wu Jian Council.
 10622 | D:10     | Noticed a purple ugly thing
 10629 | D:10     | Killed a purple ugly thing
 10849 | D:11     | Noticed Grum
 10849 | D:11     | Noticed a two-headed ogre
 11076 | D:11     | Killed Grum
 11084 | D:11     | Killed a two-headed ogre
 11158 | D:11     | Noticed a white ugly thing
 11158 | D:11     | Noticed a cyclops
 11205 | D:10     | Killed a white ugly thing
 11458 | D:11     | Found Asusk's Gadget Shop.
 11468 | D:11     | Noticed a death yak
 11470 | D:11     | Noticed a two-headed ogre
 11474 | D:11     | Noticed a death yak
 11490 | D:11     | Noticed a death yak
 12145 | D:10     | Reached XP level 12. HP: 74/108 MP: 11/11
 12460 | D:11     | Killed a death yak
 12865 | D:11     | Killed a two-headed ogre
 12866 | D:11     | Noticed Erolcha
 13127 | D:11     | Killed Erolcha
 13235 | D:11     | Found a staircase to the Lair.
 13554 | D:12     | Learned a level 2 spell: Blink
 14069 | D:12     | Reached skill level 1 in Translocations
 14236 | D:12     | Found a staircase to the Orcish Mines.
 14265 | D:12     | Reached skill level 1 in Spellcasting
 14890 | D:11     | Reached skill level 10 in Dodging
 15409 | D:12     | Noticed Sonja
 15414 | D:12     | Killed Sonja
 15564 | Lair:1   | Entered Level 1 of the Lair of Beasts
 15742 | Lair:1   | Noticed a six-headed hydra
 15749 | Lair:1   | Killed a six-headed hydra
 15886 | Lair:1   | Reached XP level 13. HP: 20/117 MP: 15/15
 16662 | Lair:1   | Found an ancient bone altar of Kikubaaqudgha.
 17962 | Lair:2   | Reached skill level 10 in Armour
 19137 | Lair:3   | Reached ****** piety under Dithmenos
 19359 | Lair:3   | Got a crude ring mail
 19370 | Lair:3   | Identified the cursed +0 ring mail of the Lute {MR- Regen+
                  | rCorr SInv} (You found it on level 3 of the Lair of Beasts)
 19580 | Lair:3   | HP: 5/118 [tyrant leech (4)]
 19580 | Lair:3   | Demolished by a tyrant leech

Skill      XL: |  1  2  3  4  5  6  7  8  9 10 11 12 13 |
---------------+----------------------------------------+-----
Dodging        | 3 4 5 6 8 9 10 | 10.6
Armour         | 1 2 3 4 6 7 8 9 10 | 10.1
Fighting       | 4 5 6 8 9 10 11 12 | 12.3
Unarmed Combat | 4 5 6 8 9 10 11 12 | 12.2
Translocations | 2 4 |  4.0
Spellcasting   | 2 3 |  3.6
Stealth        | 3 |  3.4

Action                   |  1- 3 |  4- 6 |  7- 9 | 10-12 | 13-15 || total
-------------------------+-------+-------+-------+-------+-------++-------
Melee: Unarmed           |    74 |   192 |   497 |  1083 |   319 ||  2165
       Punch             |       |     6 |    17 |    55 |    19 ||    97
Throw: Throwing net      |       |       |       |     2 |       ||     2
Invok: Shadow Step       |       |       |       |     1 |       ||     1
Evoke: Wand              |       |       |       |     6 |       ||     6
  Use: Scroll            |     4 |       |    11 |     7 |       ||    22
       Potion            |     1 |     2 |       |    15 |     1 ||    19
 Stab: Sleeping          |     1 |     4 |       |     3 |     2 ||    10
       Distracted        |       |     1 |     1 |     1 |       ||     3
  Eat: Chunk             |     3 |    17 |    46 |   152 |    38 ||   256
Armor: Robe              |    12 |    39 |    15 |       |       ||    66
       Ring mail         |       |       |   120 |   288 |    50 ||   458
Dodge: Dodged            |    54 |   129 |   361 |  1116 |   187 ||  1847
       Deflected         |       |       |     7 |     3 |       ||    10
